 Dungeon Crawl Stone Soup version 0.29.0-13-gc9e81de378 (webtiles) character file.

Game seed: 4545432539291466642

21 Anothat the Slasher (level 2, -5/24 HPs)
             Began as a Demigod Gladiator on Sept 9, 2022.
             Slain by Sigmund
             ... wielding a +0 scythe
              (10 damage)
             ... on level 2 of the Dungeon.
             The game lasted 00:00:48 (1518 turns).

Anothat the Slasher (Demigod Gladiator)             Turns: 1518, Time: 00:00:49

Health: -5/24      AC:  4    Str: 15    XL:     2   Next: 45%
Magic:  4/4        EV: 12    Int: 10    God:
Gold:   58         SH:  0    Dex: 15    Spells: 1/1 levels left

rFire   + . .      SeeInvis .   a - +0 long sword
rCold   + . .      Faith    .   (no shield)
rNeg    . . .      Spirit   .   b - +0 leather armour
rPois   +          Reflect  .   c - +0 helmet
rElec   +          Harm     .   (no cloak)
rCorr   +          Rampage  .   (no gloves)
Will    .....                   (no boots)
Stlth   +.........              (no amulet)
HPRegen 0.08/turn               (no ring)
MPRegen 0.09/turn               (no ring)

@: resistant, on berserk cooldown, flying, slowed, very slow
A: high MP 1, forlorn, divine attributes
a: no special abilities


You were on level 2 of the Dungeon.
You visited 1 branch of the dungeon, and saw 2 of its levels.

You collected 58 gold pieces.

Inventory:

Hand Weapons
 a - a +0 long sword (weapon)
Missiles
 d - 3 throwing nets (quivered)
 e - a javelin
Armour
 b - a +0 leather armour (worn)
 c - a +0 helmet (worn)
 l - a +0 scale mail
Scrolls
 g - a scroll of identify {unknown}
 h - a scroll of silence {unknown}
 i - a scroll of fog {unknown}
Potions
 m - 2 potions of cancellation {unknown}


   Skills:
 + Level 2.1 Fighting
 * Level 3.2 Long Blades
 - Level 1.7 Throwing
 + Level 2.9 Dodging


You had one spell level left.
You didn't know any spells.
Your spell library was empty.

Dungeon Overview and Level Annotations

Branches:
Dungeon (2/15)

Annotations:
D:2 Sigmund


Innate Abilities, Weirdness & Mutations

You have an increased reservoir of magic. (+10% MP)
You shall have no god before yourself.
Your divine heritage dramatically boosts your attributes as you level up.


Message History

Sigmund shouts!
The goblin shouts!
A rat comes into view.
Found two robes.
There are monsters nearby!
There are monsters nearby!
Sigmund casts a spell at you.
You are confused.
Sigmund mumbles some strange words.
Sigmund flickers and vanishes!
Deactivating autopickup; reactivate with Ctrl-A.
It was a potion of flight.
You feel very buoyant.
You fly up into the air.
It was a potion of resistance.
You feel protected.
It was a potion of berserk rage.
A red film seems to cover your vision as you go berserk!
You feel yourself moving faster!
You feel mighty! The goblin barely misses you.
You hit the rat.
You kill the rat!
The goblin barely misses you. Something hits you!
You bump into the rock wall.
You feel a strong urge to attack something.
You're too confused to move!
The goblin hits you with a +0 club.
You barely miss the goblin.
You feel less confused. Something hits you.
You slash the goblin!
You kill the goblin!
You are no longer berserk.
You are exhausted.
You feel yourself slow down.
You hear some strange, mumbled words.
Something tries to affect you, but you resist.
Things that are here:
a +0 club; a goblin corpse You barely miss something.
Something hits you!
* * * LOW HITPOINT WARNING * * *
You barely miss something. Something hits you!
You die...

#.### #.#<# # #
#.#.#.# # #.#.#...#
.# #.#>.###### ..#
#....†....+ ....
.#####.####### g.[..
.............##......
#######....@{.'.....[
######.##...... #.#
..... #.# .... #.#
##. #.# #+#


There were no monsters in sight!

Vanquished Creatures
  A dart slug (D:1)
  2 endoplasms (D:1)
  A giant cockroach (D:1)
  2 goblins
  2 hobgoblins (D:1)
  3 quokkas (D:1)
  A ball python (D:2)
  A frilled lizard (D:1)
  2 kobolds (D:1)
  A rat (D:2)
16 creatures vanquished.

Notes
Turn   | Place    | Note
-------+----------+-------------------------------------------
     0 | D:1      | Anothat the Demigod Gladiator began the quest for the Orb.
     0 | D:1      | Reached XP level 1. HP: 17/17 MP: 3/3
   255 | D:1      | Reached skill level 3 in Long Blades
   596 | D:1      | Reached XP level 2. HP: 24/24 MP: 4/4
  1504 | D:2      | Noticed Sigmund
  1518 | D:2      | Slain by Sigmund

Illustrated notes

Levels and vault maps discovered:
D:1:      evilmike_arrival_crescent, layout_basic
D:2:      layout_basic, serial_curves, eino_curves_01, eino_curves_02,
          basic_altar, uniq_jessica, uniq_crazy_yiuf_cottage, uniq_terence,
          uniq_sigmund, uniq_natasha

Skill      XL: |  1 |
---------------+----+-----
Fighting       | 2 |  2.1
Long Blades    | 3 |  3.2
Throwing       | |  1.7
Dodging        | |  2.9

Action                   || total
-------------------------++-------
Melee: Long sword        ||    47
  Use: Potion            ||     3
 Stab: Sleeping          ||     2
Armor: Leather armour    ||     6
Dodge: Dodged            ||    23
